 Dungeon Crawl Stone Soup version 0.31-a0-222-gefeffbb62a (webtiles) character file.

Game seed: 10709938083295853319

10017 juan097 the Cleaver (level 11, -4/90 HPs)
             Began as a Formicid Fighter on July 5, 2023.
             Was a High Priest of Zin.
             Slain by an ettin
             ... wielding a +0 dire flail
              (6 damage)
             ... on level 2 of the Orcish Mines.
             The game lasted 00:39:13 (14130 turns).

juan097 the Cleaver (Formicid Fighter)             Turns: 14130, Time: 00:39:14

Health: -4/90      AC: 16    Str: 23    XL:     11   Next: 85%
Magic:  15/15      EV: 11    Int:  8    God:    Zin [*****.]
Gold:   925        SH:  5    Dex: 15    Spells: 9/10 levels left

rFire   . . .        a - +0 war axe
rCold   . . .        c - +0 buckler
rNeg    . . .        s - +3 scale mail
rPois   .            (helmet unavailable)
rElec   .            F - +2 cloak of the Playwright {+Blink}
rCorr   .            P - +0 pair of gloves
SInv    +            E - +0 pair of boots
Will    +....        d - amulet of the acrobat
Stlth   ++           h - ring of flight
HPRegen 0.35/turn    K - +4 ring of slaying
MPRegen 0.14/turn

%: acrobat
@: flying
A: permanent stasis, dig shafts and tunnels, antennae 3, four strong arms
a: Dig, Shaft Self, Renounce Religion, Recite, Vitalisation, Imprison,
Sanctuary, Donate Gold


You were on level 2 of the Orcish Mines.
You worshipped Zin.
Zin was extremely pleased with you.
You visited 4 branches of the dungeon, and saw 15 of its levels.
You also visited: Sewer and Bailey.

You collected 1101 gold pieces.
You spent 66 gold pieces at shops.
You donated 110 gold pieces to Zin.

Inventory:

Hand Weapons
 a - a +0 war axe (weapon)
 b - a +3 shortbow
 n - the +4 mace of Arrival {heavy, rC+ Will- Int+7}
   (You found it on level 2 of the Dungeon)

   Int:       It affects your intelligence (+7).
   rC:        It protects you from cold.
   Will:      It decreases your willpower.
 v - the +9 short sword of Viny Cruel Justice {heavy, rF+ rC+++ Will- SInv}
   (You took it off an orc on level 5 of the Dungeon)

   rF:        It protects you from fire.
   rC:        It renders you almost immune to cold.
   SInv:      It lets you see invisible.
   Will:      It decreases your willpower.
Missiles
 f - 3 boomerangs of dispersal
 j - 8 boomerangs
 t - 32 poisoned darts (quivered)
 y - 6 atropa-tipped darts
Armour
 c - a +0 buckler (worn)
 k - a +1 ring mail of poison resistance
 s - a +3 scale mail (worn)
 E - a +0 pair of boots (worn)
 F - the +2 cloak of the Playwright (worn) {+Blink}
   (You found it on level 7 of the Dungeon)

   +Blink:    It lets you blink.
 O - +0 acid dragon scales
 P - a +0 pair of gloves (worn)
Jewellery
 d - an amulet of the acrobat (around neck)
 h - a ring of flight (left hand)
 G - a ring of ice
 K - a +4 ring of slaying (right hand)
Wands
 e - a wand of digging (4)
 o - a wand of iceblast (8)
 q - a wand of charming (11)
 r - a wand of mindburst (7)
Scrolls
 l - 2 scrolls of fog
 u - 2 scrolls of immolation
 x - 2 scrolls of silence
 B - a scroll of enchant armour {unknown}
 C - a scroll of vulnerability {unknown}
 I - a scroll of blinking {unknown}
 M - 2 scrolls of enchant weapon {unknown}
Potions
 g - 4 potions of enlightenment
 i - 6 potions of heal wounds
 m - 2 potions of resistance
 p - 3 potions of magic
 z - 5 potions of curing
 A - 4 potions of might
 D - a potion of ambrosia
 H - 3 potions of cancellation {unknown}
 J - 2 potions of attraction
 L - a potion of invisibility
 N - 2 potions of haste {unknown}


   Skills:
 - Level 10.0 Fighting
 + Level 11.0 Axes
 - Level 4.0 Ranged Weapons
 - Level 2.0 Throwing
 - Level 6.0 Armour
 - Level 3.0 Dodging
 - Level 6.0 Stealth
 - Level 6.0 Shields
 - Level 6.0 Invocations
 - Level 4.0 Evocations


You had 9 spell levels left.
You knew the following spells:

 Your Spells              Type           Power      Damage    Failure   Level
a - Apportation           Tloc           0%         N/A       77%         1

Your spell library contained the following spells:

 Spells                   Type           Power      Damage    Failure   Level
 Magic Dart               Conj           0%         1d3       77%         1
 Sting                    Tmut/Pois      0%         1d3       77%         1
 Call Imp                 Summ           0%         N/A       88%         2
 Poisonous Vapours        Pois/Air       0%         N/A       88%         2
 Scorch                   Fire           0%         2d5       88%         2
 Frozen Ramparts          Ice            0%         1d1       98%         3
 Mephitic Cloud           Conj/Pois/Air  0%         N/A       98%         3
 Flame Wave               Conj/Fire      0%         2d4       100%        4
 Ice Form                 Ice/Tmut       0%         N/A       100%        4
 Olgreb's Toxic Radiance  Pois           0%         N/A       100%        4
 Summon Ice Beast         Ice/Summ       0%         N/A       100%        4
 Alistair's Intoxication  Tmut/Pois      0%         N/A       100%        5
 Arcjolt                  Conj/Air       0%         1d10      100%        5
 Summon Forest            Summ/Tloc      0%         N/A       100%        5
 Eringya's Noxious Bog    Tmut/Pois      0%         N/A       100%        6
 Summon Cactus Giant      Summ           0%         N/A       100%        6
 Summon Hydra             Summ           0%         N/A       100%        7
 Maxwell's Capacitive Co  Air            0%         ∞         100%        8
 Vhi's Electric Charge    Tloc/Air       Unusable   N/A       N/A         3

Dungeon Overview and Level Annotations

Branches:
Dungeon (11/15)            Temple (1/1) D:4            Lair (1/5) D:8
    Orc (2/2) D:11          Sewer (visited)          Bailey (visited)
    Elf: Orc:2

Altars:
Ashenzari
Cheibriados
Dithmenos
Elyvilon
Fedhas
Gozag
Hepliaklqana
Kikubaaqudgha
Makhleb
Nemelex Xobeh
Okawaru
Qazlal
Sif Muna
Trog
Uskayaw
Wu Jian
Xom
Yredelemnul
Zin
The Shining One

Shops:
D:2 *   D:4 *[?

Annotations:
D:7 3 runed translucent doors, SirDiesAlot's ghost, novice OpTm
D:8 exclusion: orange crystal statue
Orc:2 Erolcha


Innate Abilities, Weirdness & Mutations

You cannot be hasted, slowed, berserked, paralysed or teleported.
You can dig through walls and to a lower floor.
You have a pair of large antennae on your head. (SInv)
Your four strong arms can wield two-handed weapons with a shield.


Message History

The orc priest invokes the aid of Beogh against you.
Beogh smites you! The orc hits you but does no damage.
An orc comes into view. It is wielding a +0 flail.
The orc wizard gestures at you while chanting.
The magic dart hits you. You block the orc warrior's attack.
The orc sorcerer gestures wildly while chanting.
The ettin hits you with a +0 dire flail!!
* * * LOW HITPOINT WARNING * * *
The ettin hits you with a +0 dire flail.
* * * LOW HITPOINT WARNING * * *
You block the orc's attack.
Throw: 4 boomerangs (disperse)
Press: ? - help, Shift-Dir - straight line, f/p - ettin
Aim: an ettin, wielding two +0 dire flails (86% to hit)
You throw a boomerang of dispersal.
The boomerang of dispersal hits the ettin and shatters for extra damage.
The ettin blinks!
The ettin is lightly wounded.
A warg comes into view.
The centaur wields a +0 shortbow.
The centaur shoots an arrow.
The arrow barely misses you.
A centaur comes into view.
The orc barely misses you.
The orc warrior hits you but does no damage.
You block the orc's attack.
An orc warrior comes into view. It is wielding a +0 hand axe.
An orc warrior comes into view. It is wielding a +0 long sword.
A centaur comes into view.
The centaur shoots an arrow.
The arrow hits you!
* * * LOW HITPOINT WARNING * * *
An orc warrior comes into view. It is wielding a +0 halberd.
The orc warrior hits you with a +0 flail.
* * * LOW HITPOINT WARNING * * *
The orc closely misses you. The orc hits you but does no damage. x2
The orc warrior closely misses you.
The centaur shouts! x2; You hear a shout! x2
The centaur shoots an arrow.
The arrow hits you.
* * * LOW HITPOINT WARNING * * *
The ettin hits you with a +0 dire flail.
You die...

............#≈≈
...o .........#
.......h.......
.....{.....4...
..c...........§
.c...o#..o....#
....$.oCo.o...§
#......@o.....§
#.O...o.#h.....
.c.......{....#
#.........{o..o
#.........o ...
............o..
..........oo. .
#..#.....##o##


You could see an ettin, Erolcha, a hellwing (summoned), 2 wargs, an orc
sorcerer, 7 orc warriors, 3 centaurs, an orc priest and 5 orcs.

Vanquished Creatures
  An orc knight (Orc:1)
  An ugly thing (D:11)
  A manticore (D:11)
  Joseph (D:8)
  2 gargoyles
  5 trolls
  Sigmund (D:3)
  2 wyverns (D:8)
  A yak (D:8)
  A basilisk (D:8)
  2 steam dragons
  A warg (D:11)
  2 acid dragons (D:11)
  6 orc warriors
  3 sky beasts (D:7)
  2 black bears
  3 ogres
  An ice beast (D:7)
  8 centaurs
  A phantom (D:5)
  2 kobold brigands
  A gnoll sergeant (D:9)
  2 wyvern zombies (D:7)
  3 bullfrogs
  3 scorpions
  3 wights (D:10)
  19 killer bees
  2 howler monkeys (D:9)
  A hound (D:5)
  3 jellies
  3 gnoll boudas
  9 orc priests
  Jessica (D:3)
  Ijyb (D:5)
  3 iguanas
  7 orc wizards
  A sickly merfolk siren (Sewer)
  A malarious merfolk avatar (Sewer)
  Robin (D:3)
  34 gnolls
  13 adders
  6 river rats
  2 white imps (D:8)
  3 worms
  A dart slug (D:5)
  51 orcs
  6 endoplasms
  7 giant cockroaches
  15 goblins
  12 hobgoblins
  7 jackals
  11 quokkas
  5 ball pythons
  9 bats
  8 frilled lizards
  12 kobolds
  26 rats
  A spectral goblin (D:9)
340 creatures vanquished.

Vanquished Creatures (collateral kills)
  An acid dragon (D:11)
  2 orcs (D:11)
3 creatures vanquished.

Grand Total: 343 creatures vanquished

Notes
Turn   | Place    | Note
-------+----------+-------------------------------------------
     0 | D:1      | juan097 the Formicid Fighter began the quest for the Orb.
     0 | D:1      | Reached XP level 1. HP: 18/18 MP: 1/1
   125 | D:1      | Reached XP level 2. HP: 24/24 MP: 2/2
   563 | D:1      | Reached skill level 1 in Stealth
   968 | D:2      | Reached XP level 3. HP: 29/29 MP: 3/3
  1300 | D:2      | Identified the +4 mace of Arrival {heavy, rC+ Will- Int+7}
  1415 | D:2      | Reached XP level 4. HP: 37/37 MP: 4/4
  1484 | D:2      | Found Pileg's General Store.
  1487 | D:2      | Reached skill level 3 in Axes
  1731 | D:3      | Reached XP level 5. HP: 42/42 MP: 5/5
  1747 | D:3      | Noticed Jessica
  1751 | D:3      | Killed Jessica
  2050 | D:3      | Noticed Sigmund
  2069 | D:3      | Killed Sigmund
  2070 | D:3      | Reached skill level 4 in Axes
  2070 | D:3      | Reached skill level 5 in Shields
  2070 | D:3      | Reached XP level 6. HP: 34/49 MP: 6/6
  2236 | D:3      | Noticed Robin
  2282 | D:3      | Killed Robin
  2450 | D:3      | Found a stormy altar of Qazlal.
  2604 | D:4      | Found a staircase to the Ecumenical Temple.
  2615 | Temple   | Entered the Ecumenical Temple
  2686 | Temple   | Became a worshipper of Zin the Law-Giver
  2686 | Temple   | Reached * piety under Zin
  2730 | D:4      | Reached XP level 7. HP: 51/55 MP: 7/7
  2781 | D:4      | Found Poikuth's Magic Scroll Emporium.
  2784 | D:4      | Bought a scroll of fog for 44 gold pieces
  2784 | D:4      | Bought a scroll of identify for 22 gold pieces
  2900 | D:4      | HP: 1/55 [ogre/+0 giant spiked club (27)]
  2904 | D:4      | Reached skill level 5 in Axes
  3157 | D:4      | Found an opulent altar of Gozag.
  3278 | D:4      | Reached skill level 5 in Fighting
  3453 | D:4      | Found Yfryemul's Antique Armour Emporium.
  3466 | D:4      | Found Ciosican's Assorted Antiques.
  3626 | D:5      | Entered Level 5 of the Dungeon
  3666 | D:5      | Noticed Ijyb
  3671 | D:5      | Reached XP level 8. HP: 48/62 MP: 8/8
  3673 | D:5      | Killed Ijyb
  3731 | D:5      | Reached skill level 5 in Stealth
  3777 | D:5      | Reached skill level 6 in Axes
  3785 | D:5      | Found a glowing drain.
  3796 | Sewer    | Entered a sewer
  4141 | Sewer    | Reached ** piety under Zin
  4239 | D:5      | Identified the +9 short sword of Viny Cruel Justice {heavy,
                  | rF+ rC+++ Will- SInv}
  4269 | D:5      | Reached skill level 1 in Evocations
  5036 | D:5      | Found a hide-covered altar of Uskayaw.
  5138 | D:5      | Reached skill level 7 in Axes
  5237 | D:5      | Reached skill level 1 in Invocations
  5237 | D:5      | Reached XP level 9. HP: 50/69 MP: 9/9
  5479 | D:6      | Found a bloodstained altar of Trog.
  5586 | D:6      | Reached *** piety under Zin
  5627 | D:6      | HP: 3/69 [vampire (7)]
  5628 | D:6      | You are sucked into a shaft and drop 2 floors!
  5848 | D:8      | Found a shimmering altar of Xom.
  6424 | D:7      | Reached skill level 8 in Axes
  6498 | D:7      | Reached **** piety under Zin
  6647 | D:7      | Identified the +2 cloak of the Playwright {+Blink}
  6860 | D:7      | Reached skill level 1 in Throwing
  7193 | D:7      | Found a runed translucent gate.
  7193 | D:7      | Found a runed translucent gate.
  7193 | D:7      | Found a runed translucent gate.
  7193 | D:7      | Noticed SirDiesAlot's ghost (novice OpTm)
  7206 | D:7      | Found a basalt altar of Yredelemnul.
  7214 | D:7      | Reached skill level 1 in Dodging
  7512 | D:7      | Found a snail-covered altar of Cheibriados.
  7645 | D:8      | Noticed Joseph
  7769 | D:8      | Reached XP level 10. HP: 55/77 MP: 13/13
  7777 | D:8      | Noticed an orange crystal statue
  7930 | D:8      | Found a staircase to the Lair.
  7947 | D:8      | Reached skill level 5 in Invocations
  8184 | D:8      | Found an ornate altar of the Wu Jian Council.
  8253 | D:8      | Killed Joseph
  8254 | D:8      | Reached skill level 5 in Armour
  8458 | Lair:1   | Entered Level 1 of the Lair of Beasts
  8460 | Lair:1   | Noticed an orange demon
  8555 | D:9      | Reached ***** piety under Zin
  9052 | D:9      | Found a sparkling altar of Nemelex Xobeh.
  9268 | D:9      | Found an iron altar of Okawaru.
  9384 | D:9      | Reached skill level 9 in Axes
 10026 | D:9      | Found a hazy altar of Hepliaklqana.
 10026 | D:9      | Identified the +1 robe of the Eternal Fruit {rC++ Regen+
                  | Str-5 Archmagi}
 10069 | D:10     | Entered Level 10 of the Dungeon
 10069 | D:10     | Found a glowing golden altar of the Shining One.
 10179 | D:10     | Found a flagged portal.
 10195 | Bailey   | Entered a bailey
 10751 | D:10     | Found a white marble altar of Elyvilon.
 10788 | D:10     | Found a blossoming altar of Fedhas.
 10818 | D:10     | Reached XP level 11. HP: 66/82 MP: 15/15
 11096 | D:10     | Learned a level 1 spell: Apportation
 11327 | D:10     | Reached skill level 1 in Ranged Weapons
 12199 | D:11     | Noticed a green ugly thing
 12326 | D:11     | Reached skill level 10 in Axes
 12585 | D:11     | Found a staircase to the Orcish Mines.
 12596 | D:11     | Noticed a manticore
 12804 | D:11     | Killed a manticore
 13023 | D:11     | Killed a green ugly thing
 13320 | Orc:1    | Entered Level 1 of the Orcish Mines
 13739 | Orc:1    | Reached skill level 10 in Fighting
 14064 | Orc:2    | Entered Level 2 of the Orcish Mines
 14064 | Orc:2    | Noticed an orc knight
 14064 | Orc:2    | Noticed an orc sorcerer
 14064 | Orc:2    | Noticed an ettin
 14078 | Orc:1    | Killed an orc knight
 14079 | Orc:1    | Reached skill level 11 in Axes
 14128 | Orc:2    | Noticed Erolcha
 14129 | Orc:2    | HP: 4/90 [orc warrior/+0 flail[an orc knight] (3)]
 14130 | Orc:2    | Slain by an ettin

Illustrated notes

Levels and vault maps discovered:
D:1:      amcnicky_arrival_wind_blow, layout_loops_corners
D:2:      layout_basic, serial_shops, shop, serial_bayou_pond_b,
          kennysheep_generic_room_15
D:3:      layout_basic, mainiacjoe_overflow_alcove_4, minmay_ruptured,
          uniq_robin, uniq_jessica, uniq_sigmund
D:4:      wad_pebble_path, layout_loops_ring, nicolae_gozag_seed_capital,
          minmay_temple_entry_glassed_door, serial_shops,
          nicolae_shop_behind_doors, shop_statue, nicolae_shop_rolled_up,
          kennysheep_pointless_box
D:5:      layout_basic, lemuel_coloured_pillars_altar, gup_sewer_entry_bubbles,
          chequers_serial_rivers_micro_b, chequers_serial_rivers_micro_b,
          uniq_ijyb
D:6:      layout_cave_pools, mainiacjoe_overflow_alcove_2,
          nicolae_ru_path_of_blood, mainiacjoe_overflow_small_starburst,
          serial_gnoll_camp, gnoll_camp_medium_01, gnoll_camp_mini_sergeant,
          gnoll_camp_mini_house, gnoll_camp_mini_loothouse,
          minmay_misc_feat_alley
D:7:      layout_basic, nicolae_yredelemnul_ghost_church, cheibriados_altar_1,
          columned_hall_lemuel
D:8:      minmay_statue_hallways, layout_cave_pools, overflow_temple_1_default,
          nzn_wu_jian_contemplation, david_lair_generic, uniq_joseph
D:9:      layout_roguey, nicolae_hepliaklqana_monster_ancestors,
          nicolae_overflow_crystal_walls, overflow_temple_1_default,
          hangedman_decor_clover_reticule, patterned_corridor
D:10:     layout_stronghold, kennysheep_mini, lemuel_round_altar,
          lemuel_doored_altar, enter_bailey_5, serial_column_ruins,
          column_ruins_pillar_2, column_ruins_pillar_3, column_ruins_pillar_2,
          column_ruins_pillar_3, column_ruins_pillar_12, column_ruins_pillar_1,
          column_ruins_pillar_2, column_ruins_pillar_6, column_ruins_pillar_1,
          column_ruins_pillar_1, column_ruins_pillar_1, column_ruins_pillar_3,
          column_ruins_pillar_2, column_ruins_pillar_3, column_ruins_pillar_5,
          hangedman_decor_riveting
D:11:     layout_cross, david_orc_2
Temple:   nicolae_temple_ecumenical_triangle
Lair:1:   layout_regular_city, serial_rivers, chequers_serial_rivers_micro_a,
          chequers_serial_rivers_room_b, chequers_serial_rivers_large_b,
          chequers_serial_rivers_small_b, chequers_serial_rivers_marsh, pond,
          grunt_megastairs_3, uniq_sonja, uniq_grum, uniq_amaemon
Orc:1:    layout_caves, uniq_gastronok
Orc:2:    st_orc_rangers, layout_caves, ebering_ghost_inner_flame,
          nicolae_volcano_entry_lava_flow, uniq_rupert, uniq_erolcha

Skill      XL: |  1  2  3  4  5  6  7  8  9 10 11 |
---------------+----------------------------------+-----
Stealth        | 1 2 3 4 6 |  6.0
Axes           | 3 4 5 7 8 9 11 | 11.0
Fighting       | 4 5 6 8 10 | 10.0
Shields        | 5 6 |  6.0
Evocations     | 2 4 |  4.0
Invocations    | 1 4 6 |  6.0
Throwing       | 1 2 |  2.0
Dodging        | 1 3 |  3.0
Armour         | 4 6 |  6.0
Ranged Weapons | 4 |  4.0

Action                     |  1- 3 |  4- 6 |  7- 9 | 10-12 || total
---------------------------+-------+-------+-------+-------++-------
  Melee: War axe           |    61 |   148 |   405 |   403 ||  1017
   Fire: Sling             |     5 |    12 |    83 |     4 ||   104
         Shortbow          |       |       |       |    55 ||    55
  Throw: Dart              |       |       |     8 |    13 ||    21
         Boomerang         |       |       |       |     3 ||     3
 Invoke: Vitalisation      |       |       |       |     3 ||     3
Ability: Dig               |       |       |     2 |     3 ||     5
         Shaft Self        |       |       |     1 |       ||     1
  Evoke: Wand              |       |       |     2 |    18 ||    20
    Use: Scroll            |       |       |    12 |     5 ||    17
         Potion            |       |       |     1 |     2 ||     3
   Stab: Sleeping          |       |       |    11 |     9 ||    20
         Distracted        |       |       |     1 |       ||     1
         Invisible         |       |       |       |     1 ||     1
 Armour: Scale mail        |    32 |    67 |    62 |   178 ||   339
         Ring mail         |       |       |    73 |    23 ||    96
  Dodge: Dodged            |    30 |    73 |   161 |   308 ||   572
  Block: Buckler           |    16 |    29 |   101 |   162 ||   308

Table legend: (Time is in decaauts)
 A = Elapsed time spent in this place.
 B = Non-inter-level travel time spent in this place.
 C = Inter-level travel time spent in this place.
 D = Time resting spent in this place.
 E = Time spent auto-exploring this place.
 F = Levels seen in this place.
 G = Mean time per level.
                   A        B        C        D        E       F      G
               +--------+--------+--------+--------+--------+-----+--------+
         Total |  14323 |  13875 |    448 |    240 |  10105 |  17 |  842.5 |
       Dungeon |  12960 |  12526 |    434 |    193 |   9396 |  11 | 1178.2 |
        Temple |     75 |     75 |      0 |      0 |     22 |   1 |   75.0 |
          Lair |      5 |      5 |      0 |      0 |      0 |   1 |    5.0 |
  Orcish Mines |    440 |    426 |     14 |     47 |    301 |   2 |  220.0 |
         Sewer |    373 |    373 |      0 |      0 |    144 |   1 |  373.0 |
        Bailey |    469 |    469 |      0 |      0 |    242 |   1 |  469.0 |
               +--------+--------+--------+--------+--------+-----+--------+

Top non-repeatable levels by time:
    D:10: 1735 daAuts
     D:9: 1669 daAuts
     D:7: 1635 daAuts
     D:5: 1430 daAuts
    D:11: 1371 daAuts
     D:8: 1215 daAuts
     D:4: 1041 daAuts
     D:3: 1010 daAuts
     D:1: 966 daAuts
     D:2: 670 daAuts
  Bailey: 469 daAuts
   Orc:1: 434 daAuts
   Sewer: 373 daAuts
     D:6: 214 daAuts
  Temple: 75 daAuts
